 Dungeon Crawl Stone Soup version 0.19-a0-994-g3c636f0 (webtiles) character file.

371 Gruud the Insei (level 6, 0/44 HPs)
             Began as a Demonspawn Hunter on July 16, 2016.
             Slain by an orc wizard
             ... wielding a +0 dagger of electrocution
              (14 damage)
             ... on level 4 of the Dungeon.
             The game lasted 00:12:36 (3546 turns).

Gruud the Insei (Demonspawn Hunter)                 Turns: 3546, Time: 00:12:37

Health: 0/44       AC: 10    Str: 13    XL:     6   Next: 42%
Magic:  6/6        EV:  9    Int: 13    God:
Gold:   111        SH:  0    Dex: 14    Spells: 0 memorised, 5 levels left

rFire  . . .     SeeInvis .       - Unarmed
rCold  + . .     Gourm    .     x - +0 scale mail
rNeg   . . .     Faith    .     (no shield)
rPois  +         Spirit   .     (no helmet)
rElec  .         Dismiss  .     (no cloak)
rCorr  .         Reflect  .     (no gloves)
SustAt .         Harm     .     i - +0 pair of boots
MR     .....                    (no amulet)
Stlth  ..........               k - ring of poison resistance
                                e - ring of protection from cold

@: not resistant to hostile enchantments, extremely unstealthy
A: claws 1, thin metallic scales 2
a: no special abilities


You were on level 4 of the Dungeon.
You were near starving.

You visited 1 branch of the dungeon, and saw 4 of its levels.

You collected 111 gold pieces.

Inventory:

Missiles
 d - a throwing net (quivered)
 g - 9 poisoned needles
 j - 3 needles of confusion
Armour
 i - a +0 pair of boots (worn)
 q - a +0 plate armour
 t - a +0 ring mail
 x - a +0 scale mail (worn)
Jewellery
 e - a ring of protection from cold (left claw)
 k - a ring of poison resistance (right claw)
 y - an uncursed ring of wizardry
Scrolls
 a - a scroll of immolation
 n - a scroll of magic mapping {unknown}
 r - a scroll of noise {unknown}
 s - 3 scrolls of recharging
 u - a scroll of fog {unknown}
 v - a scroll of teleportation {unknown}
 B - a scroll of blinking {unknown}
Potions
 b - 2 potions of flight
 h - 2 potions of curing
 o - a potion of might
Books
 l - a book of Unlife

   Spells                             Type                      Level
   a - Recall                         Summoning/Translocation      3
   b - Animate Dead                   Necromancy                   4
   c - Control Undead                 Necromancy                   4
   d - Cigotuvi's Embrace             Necromancy                   5
   e - Death Channel                  Necromancy                   6
   f - Simulacrum                     Ice/Necromancy               6
Comestibles
 f - 2 bread rations
 m - a slice of pizza
 p - a meat ration
 w - 6 fruits


   Skills:
 - Level 2.0 Fighting
   Level 1.4 Short Blades
 - Level 3.6 Throwing
 - Level 1.7 Dodging
 - Level 0.8 Stealth
 * Level 5.6 Unarmed Combat


You had 5 spell levels left.
You didn't know any spells.

Dungeon Overview and Level Annotations

Branches:
Dungeon (4/15)
 Temple: D:4-7

Altars:

Annotations:
D:2 1 runed door, Yiuf


Innate Abilities, Weirdness & Mutations

You have sharp fingernails.
You are mostly covered in thin metallic scales. (AC +3)


Message History

The orc wizard completely misses you.
The orc wizard points at you and mumbles some strange words.
The magic dart hits you!
Your scale mail prevents you from hitting the orc wizard.
The orc wizard is lightly wounded.
The orc wizard closely misses you.
You closely miss the orc wizard.
The orc wizard is lightly wounded.
The orc wizard hits you but does no damage. x2
You are electrocuted!
* * * LOW HITPOINT WARNING * * *
You feel better.
The orc wizard points at you and mumbles some strange words.
The magic dart hits you!
* * * LOW HITPOINT WARNING * * *
The orc wizard hits you but does no damage.
You feel better. The orc wizard closely misses you.
The orc wizard hits you but does no damage.
You are electrocuted!
You die...

######## ##......##
#####........##
##..o....# #...#######
#...o@..# #...#......
)>.(.(###.####...#.#####
..((. #..##......# .(..#
##.......####
###..###.......##
#...#....##..## #
#.............# #
##.......#####.# #
##......### #.# ###


You could see 2 orc wizards.

Vanquished Creatures
  An ogre (D:4)
  A crimson imp (D:3)
  An orc priest (D:4)
  A worker ant (D:4)
  An orc wizard (D:4)
  3 gnolls (D:3)
  8 adders
  An ooze (D:2)
  A worm (D:3)
  A dart slug (D:3)
  3 giant geckos (D:3)
  2 orcs
  2 ball pythons
  2 giant cockroaches (D:2)
  7 goblins
  7 hobgoblins
  6 jackals (D:3)
  4 quokkas
  2 bats (D:2)
  3 giant newts
  7 kobolds
  6 rats
70 creatures vanquished.

Notes
Turn   | Place    | Note
-------+----------+-------------------------------------------
     0 | D:1      | Gruud the Demonspawn Hunter began the quest for the Orb.
     0 | D:1      | Reached XP level 1. HP: 16/16 MP: 1/1
    59 | D:1      | Reached skill level 1 in Short Blades
   383 | D:1      | Gained mutation: You have sharp fingernails. [demonic ancestry]
   383 | D:1      | Reached XP level 2. HP: 22/22 MP: 2/2
   690 | D:2      | Reached skill level 1 in Unarmed Combat
   784 | D:2      | Reached XP level 3. HP: 23/27 MP: 3/3
   912 | D:2      | Reached skill level 2 in Unarmed Combat
  1775 | D:2      | Gained mutation: You are partially covered in thin metallic scales. (AC +2) [demonic ancestry]
  1775 | D:2      | Reached XP level 4. HP: 24/33 MP: 4/4
  1921 | D:2      | Reached skill level 3 in Unarmed Combat
  2152 | D:2      | Found a runed door.
  2325 | D:3      | Gained mutation: You are mostly covered in thin metallic scales. (AC +3) [demonic ancestry]
  2325 | D:3      | Reached XP level 5. HP: 30/38 MP: 5/5
  2330 | D:3      | Reached skill level 4 in Unarmed Combat
  3260 | D:4      | Noticed an ogre
  3271 | D:4      | Killed an ogre
  3271 | D:4      | Reached skill level 5 in Unarmed Combat
  3271 | D:4      | Reached XP level 6. HP: 34/44 MP: 6/6
  3546 | D:4      | Slain by an orc wizard

Vault maps used:
D:1:      dpeg_arrival_lava_altar, minmay_cut_off
D:2:      first_bread, kennysheep_generic_room_15, uniq_crazy_yiuf_cottage
D:4:      minmay_tree_intersection, hangedman_decor_growths

Skill      XL: |  1  2  3  4  5 |
---------------+----------------+-----
Short Blades   | 1 |  1.4
Unarmed Combat | 1 2 3 5 |  5.6
Fighting       | |  2.0
Throwing       | |  3.6
Dodging        | |  1.7
Stealth        | |  0.8

Action                   |  1- 3 |  4- 6 || total
-------------------------+-------+-------++-------
Melee: Short sword       |    30 |       ||    30
       Unarmed           |   109 |   165 ||   274
       Punch             |     1 |     3 ||     4
Throw: Javelin           |    17 |    20 ||    37
       Throwing net      |       |     1 ||     1
  Use: Scroll            |     4 |     2 ||     6
       Potion            |       |     2 ||     2
 Stab: Sleeping          |     1 |       ||     1
  Eat: Chunk             |     3 |     4 ||     7
Armor: Leather armour    |    31 |    33 ||    64
       Scale mail        |       |    38 ||    38
Dodge: Dodged            |    79 |    72 ||   151
